cohdb
Replays
Latest Replays
All Replays
Popular Replays
Top Player Replays
Match Explorer
How It Works
Community
CoH3 Stats
Reddit
Sign in to upload your games and track your stats! →
Sign in with Steam
Match 42898419
Unlisted
Match 42898419
Overview
Messages
Build Orders
End
Royal Engineer Section
Vickers Machine Gun Team
Construct Section Command Post
Infantry Section
Construct Field Infirmary
Infantry Section
Construct Platoon Command Post
Selects Canadian Shock Battlegroup
Selects Attacking Spirit
Selects Canadian Shock Section
Canadian Shock Section
Unlock M3 Stuart Light Tanks
Selects Burnout
Selects Pyrotechnics
M3 Stuart Light Tank
M3 Stuart Light Tank
Burnout
Construct Company Command Post
6-pounder Anti-tank Gun Team
ßoo
Tactical Nuclear Cow
Lambasterd
Lilfuture
0
0
Comments
sign in to comment!
No comments posted yet!